 Dungeon Crawl Stone Soup version 0.31-a0-233-g139696dc86 (webtiles) character file.

Game seed: 4403923913499582060

119 Querens the Shield-Bearer (level 5, 0/42 HPs)
             Began as a Formicid Fighter on July 9, 2023.
             Succumbed to Crazy Yiuf's poison
             ... on level 2 of the Dungeon.
             The game lasted 00:02:48 (822 turns).

Querens the Shield-Bearer (Formicid Fighter)         Turns: 822, Time: 00:02:49

Health: 0/42       AC:  7    Str: 22    XL:     5   Next: 24%
Magic:  5/5        EV:  9    Int:  8    God:
Gold:   92         SH:  5    Dex: 13    Spells: 4/4 levels left

rFire   . . .        a - +0 war axe
rCold   . . .        c - +0 buckler
rNeg    . . .        b - +0 scale mail
rPois   .            (helmet unavailable)
rElec   .            (no cloak)
rCorr   .            (no gloves)
SInv    +            (no boots)
Will    +....        (no amulet) Stlth
                     (no ring)
HPRegen 0.27/turn    (no ring)
MPRegen 0.09/turn

%: no passive effects
@: lethally poisoned (0 -> -1), enlightened, flying
A: permanent stasis, dig shafts and tunnels, antennae 3, four strong arms
a: Dig, Shaft Self


You were on level 2 of the Dungeon.
You visited 1 branch of the dungeon, and saw 2 of its levels.

You collected 92 gold pieces.

Inventory:

Hand Weapons
 a - a +0 war axe (weapon)
Armour
 b - a +0 scale mail (worn)
 c - a +0 buckler (worn)
 j - a +2 robe of cold resistance
Scrolls
 e - 2 scrolls of identify {unknown}
 f - a scroll of blinking {unknown}
 h - 2 scrolls of torment {unknown}
 i - a scroll of enchant armour {unknown}
Potions
 d - a potion of might


   Skills:
 + Level 4.1 Fighting
 + Level 3.0 Axes
 + Level 4.2 Armour
 + Level 5.0 Shields


You had 4 spell levels left.
You didn't know any spells.
Your spell library contained the following spells:

 Spells                   Type           Power      Damage    Failure   Level
 Sandblast                Erth           0%         2d4       80%         1
 Passwall                 Tmut/Erth      0%         N/A       90%         2
 Stone Arrow              Conj/Erth      0%         3d7       99%         3


Dungeon Overview and Level Annotations

Branches:
Dungeon (2/15)

Altars:

Annotations:
D:2 Crazy Yiuf


Innate Abilities, Weirdness & Mutations

You cannot be hasted, slowed, berserked, paralysed or teleported.
You can dig through walls and to a lower floor.
You have a pair of large antennae on your head. (SInv)
Your four strong arms can wield two-handed weapons with a shield.


Message History

Crazy Yiuf burns you.
You hit Crazy Yiuf but do no damage.
Crazy Yiuf is moderately wounded.
Crazy Yiuf hits you with a +2 quarterstaff of chaos!
Crazy Yiuf burns you.
You are too injured to fight recklessly!
You are too injured to fight recklessly!
You closely miss Crazy Yiuf.
Crazy Yiuf is moderately wounded.
You block Crazy Yiuf's attack.
You hit Crazy Yiuf but do no damage.
Crazy Yiuf is moderately wounded.
Crazy Yiuf hits you with a +2 quarterstaff of chaos.
You are poisoned.
Crazy Yiuf misses you.
You slash Crazy Yiuf!
Crazy Yiuf is almost dead.
You feel very sick.
Crazy Yiuf says, "Earwax!"
Crazy Yiuf hits you but does no damage.
You hit Crazy Yiuf but do no damage.
Crazy Yiuf is almost dead.
You feel sick.
Crazy Yiuf says, "Spliff sow alas!"
You block Crazy Yiuf's attack. Crazy Yiuf closely misses you.
You hit Crazy Yiuf but do no damage.
Crazy Yiuf is almost dead.
You feel sick.
Crazy Yiuf hits you with a +2 quarterstaff of chaos.
* * * LOW HITPOINT WARNING * * *
Crazy Yiuf burns you.
* * * LOW HITPOINT WARNING * * *
It was a potion of enlightenment.
You feel very buoyant.
You fly up into the air.
* * * LOW HITPOINT WARNING * * *
You feel sick. Crazy Yiuf barely misses you.
You hit Crazy Yiuf.
Crazy Yiuf is almost dead.
You die...

#......##
#....# ##.#
#...# #..##..#
#....#
#.#####.###
#..##.##
♣.^..♣
##.....#.#
#####.##
♣♣♣..♣
#.....)..###
#..# ♣.♣♣
#.....>.....
#.## ♣♣.♣
#.#######...
#.# ♣.♣♣ ###
###### ##.#
♣♣.♣ #....#
##..# ♣@♣♣
#....# #..##
#g# ### #....#
##.## ...
#.#####.(..#
#..# #...#
#..#.......#
#.## #)..#
##....#....#
######.#####
#####
#..##......#
.....#.....#
#######.....
.....†.†...###
#.....
.....†.......#
#####.


You could see Crazy Yiuf.

Vanquished Creatures
  Jessica (D:2)
  Robin (D:2)
  2 adders (D:2)
  2 dart slugs (D:1)
  7 ball pythons
  5 endoplasms
  2 giant cockroaches
  14 goblins
  4 hobgoblins (D:2)
  5 kobolds (D:1)
  4 quokkas (D:1)
  3 bats
  A frilled lizard (D:1)
  5 rats
56 creatures vanquished.

Notes
Turn   | Place    | Note
-------+----------+-------------------------------------------
     0 | D:1      | Querens the Formicid Fighter began the quest for the Orb.
     0 | D:1      | Reached XP level 1. HP: 18/18 MP: 1/1
    63 | D:1      | Reached XP level 2. HP: 15/24 MP: 2/2
   167 | D:1      | Reached XP level 3. HP: 24/29 MP: 3/3
   447 | D:2      | Noticed Robin
   476 | D:2      | Reached XP level 4. HP: 29/37 MP: 4/4
   479 | D:2      | Killed Robin
   754 | D:2      | Noticed Jessica
   759 | D:2      | Killed Jessica
   760 | D:2      | Reached skill level 5 in Shields
   760 | D:2      | Reached XP level 5. HP: 27/42 MP: 5/5
   809 | D:2      | Found a runed translucent door.
   810 | D:2      | Noticed Crazy Yiuf
   820 | D:2      | HP: 2/42 [Crazy Yiuf/+2 quarterstaff of chaos (2)]
   822 | D:2      | Succumbed to Crazy Yiuf's poison

Illustrated notes

Levels and vault maps discovered:
D:1:      eino_arrival_water_cross, layout_rooms,
          hangedman_abyss_or_decor_lesser_grid
D:2:      layout_rooms, uniq_robin, uniq_jessica, uniq_crazy_yiuf_cottage

Skill      XL: |  1  2  3  4 |
---------------+-------------+-----
Armour         | 4 |  4.2
Fighting       | 4 |  4.1
Axes           | 3 |  3.0
Shields        | 5 |  5.0

Action                     |  1- 3 |  4- 6 || total
---------------------------+-------+-------++-------
  Melee: War axe           |    80 |    48 ||   128
    Use: Potion            |       |     1 ||     1
 Armour: Scale mail        |    43 |    28 ||    71
  Dodge: Dodged            |    33 |    23 ||    56
  Block: Buckler           |    12 |    10 ||    22

Table legend: (Time is in decaauts)
 A = Elapsed time spent in this place.
 B = Non-inter-level travel time spent in this place.
 C = Inter-level travel time spent in this place.
 D = Time resting spent in this place.
 E = Time spent auto-exploring this place.
 F = Levels seen in this place.
 G = Mean time per level.
                   A        B        C        D        E       F      G
               +--------+--------+--------+--------+--------+-----+--------+
         Total |    873 |    820 |     53 |      0 |      0 |   2 |  436.5 |
       Dungeon |    873 |    820 |     53 |      0 |      0 |   2 |  436.5 |
               +--------+--------+--------+--------+--------+-----+--------+

Top non-repeatable levels by time:
     D:2: 438 daAuts
     D:1: 435 daAuts
